 Dungeon Crawl Stone Soup version 0.31.0-11-ge490571c62 (webtiles) character file.

Game seed: 10163464552995169904

183 Rassilon the Insei (level 5, -5/42 HPs)
             Began as a Demonspawn Monk on Jan 30, 2024.
             Slain by a water moccasin (6 damage)
             ... on level 3 of the Dungeon.
             The game lasted 00:07:17 (1641 turns).

Rassilon the Insei (Demonspawn Monk)                Turns: 1641, Time: 00:07:17

Health: -5/42      AC:  3    Str: 12    XL:     5   Next: 35%
Magic:  5/5        EV: 13    Int: 10    God:
Gold:   110        SH:  0    Dex: 17    Spells: 4/4 levels left

rFire   . .          .
                       - Unarmed
rCold   . . .        (no shield)
rNeg    + . .        e - +0 leather armour
rPois   .            (no helmet)
rElec   .            (no cloak)
rCorr   .            (no gloves)
SInv    .            (no boots)
Will    .....        (no amulet)
Stlth   +            f - ring of positive energy
HPRegen 0.27/turn    (no ring)
MPRegen 0.18/turn

%: no passive effects
@: mighty, lethally poisoned (-5 -> -18)
A: ignite blood 1, magic regeneration, demonic touch 2
a: no special abilities


You were on level 3 of the Dungeon.
You visited 1 branch of the dungeon, and saw 3 of its levels.

You collected 110 gold pieces.

Inventory:

Armour
 e - a +0 leather armour (worn)
Jewellery
 f - a ring of positive energy (left hand)
Scrolls
 b - a scroll of vulnerability {unknown}
 c - a scroll of teleportation {unknown}
 d - a scroll of enchant weapon {unknown}
 g - a scroll of noise {unknown}
 h - 2 scrolls of immolation {unknown}
 i - 3 scrolls of identify {unknown}
 j - a scroll of poison {unknown}


   Skills:
 + Level 3.9 Fighting
 + Level 3.6 Dodging
 * Level 4.4 Unarmed Combat


You had 4 spell levels left.
You didn't know any spells.
Your spell library contained the following spells:

 Spells                   Type           Power      Damage    Failure   Level
 Necrotise                Necr           0%         1d4       43%         1
 Call Imp                 Summ           0%         N/A       58%         2
 Vampiric Draining        Necr           0%         2d6       82%         3
 Flame Wave               Conj/Fire      0%         2d4       99%         4
 Martyr's Knell           Necr/Summ      0%         N/A       99%         4
 Curse of Agony           Necr           0%         N/A       100%        5


Dungeon Overview and Level Annotations

Branches:
Dungeon (3/15)

Altars:


Innate Abilities, Weirdness & Mutations

Your demonic aura sometimes causes spilled blood to erupt in flames.
You regenerate magic rapidly.
Your touch may inflict irresistible damage on your foes.


Message History

A water moccasin comes into view.
Found a stone staircase leading up.
The water moccasin bites you.
You closely miss the water moccasin.
You touch the water moccasin!
The water moccasin is moderately wounded.
The water moccasin bites you.
You hit the water moccasin.
The water moccasin is moderately wounded.
The water moccasin closely misses you. x2
You barely miss the water moccasin.
The water moccasin is moderately wounded.
The water moccasin bites you!
You hit the water moccasin. You punch the water moccasin.
The water moccasin is heavily wounded.
The water moccasin bites you.
You are poisoned.
The water moccasin poisons you!
Unknown command.
You hit the water moccasin.
The water moccasin is severely wounded.
You feel very sick. The water moccasin bites you.
You are lethally poisoned!
The water moccasin poisons you!
Unknown command.
It was a potion of might.
You feel very mighty all of a sudden.
* * * LOW HITPOINT WARNING * * *
You feel very sick. The water moccasin closely misses you.
The water moccasin bites you but does no damage.
It was a potion of magic.
Magic courses through your body.
* * * LOW HITPOINT WARNING * * *
You feel very sick. The water moccasin barely misses you.
You punch the water moccasin!
The water moccasin is almost dead.
* * * LOW HITPOINT WARNING * * *
You feel very sick. The water moccasin bites you.
You die...

..#.# #.# #.#.###.######
.............##
.............>. #
....###.####.## .#
....###.####.## ..##
++####........#####.....
#####.#............
#.##...@S......
#.########....< #.# ...
#># . #.# ..# ###


You could see a water moccasin.

Vanquished Creatures
  7 adders
  4 gnolls (D:3)
  A dart slug (D:1)
  2 ribbon worms (D:2)
  6 orcs
  4 endoplasms
  3 giant cockroaches
  4 goblins
  6 hobgoblins
  6 jackals
  5 kobolds
  3 quokkas
  6 ball pythons
  2 bats
  4 frilled lizards
  6 rats
69 creatures vanquished.

Notes
Turn   | Place    | Note
-------+----------+-------------------------------------------
     0 | D:1      | Rassilon the Demonspawn Monk began the quest for the Orb.
     0 | D:1      | Reached XP level 1. HP: 18/18 MP: 1/1
    53 | D:1      | Reached skill level 3 in Unarmed Combat
    53 | D:1      | Gained mutation: You regenerate magic rapidly. [demonic
                  | ancestry]
    53 | D:1      | Reached XP level 2. HP: 3/24 MP: 2/2
   144 | D:1      | Got Malusos's Secrets of Bolts and the Union
   468 | D:1      | Gained mutation: Your touch may inflict minor irresistible
                  | damage on your foes. [demonic ancestry]
   468 | D:1      | Reached XP level 3. HP: 29/29 MP: 3/3
   933 | D:2      | Gained mutation: Your demonic aura sometimes causes spilled
                  | blood to erupt in flames. [demonic ancestry]
   933 | D:2      | Reached XP level 4. HP: 31/35 MP: 4/4
  1035 | D:2      | Reached skill level 4 in Unarmed Combat
  1545 | D:3      | Gained mutation: Your touch may inflict irresistible damage
                  | on your foes. [demonic ancestry]
  1545 | D:3      | Reached XP level 5. HP: 34/42 MP: 5/5
  1630 | D:3      | Noticed a water moccasin
  1641 | D:3      | HP: 1/42 [poisoned by a water moccasin]
  1641 | D:3      | Slain by a water moccasin

Illustrated notes

Levels and vault maps discovered:
D:1:      lightli_arrival_statuegarden, layout_rooms, hangedman_decor_push,
          skrybe_limestone_x
D:2:      layout_rooms, serial_bayou_lagoon_a, minmay_between
D:3:      layout_loops_ring, kennysheep_generic_room_5, uniq_natasha

Skill      XL: |  1  2  3  4 |
---------------+-------------+-----
Unarmed Combat | 3 4 |  4.4
Dodging        | 3 |  3.6
Fighting       | |  3.9

Action                     |  1- 3 |  4- 6 || total
---------------------------+-------+-------++-------
  Melee: Unarmed           |   157 |    74 ||   231
         Touch             |       |    17 ||    17
         Punch             |       |     5 ||     5
    Use: Potion            |       |     3 ||     3
   Stab: Sleeping          |       |     2 ||     2
 Armour: Robe              |    26 |       ||    26
         Leather armour    |    51 |    42 ||    93
  Dodge: Dodged            |    91 |    49 ||   140
